 Dungeon Crawl Stone Soup version 0.30-a0-591-g3c58d2bc28 (webtiles) character file.

Game seed: 5794170185511756742

101 OTABOTABOTAB the Conjurer (level 4, -1/36 HPs)
             Began as a Deep Elf Conjurer on Jan 6, 2023.
             Killed by nerve-wracking pain
             ... invoked by Grinder
              (5 damage)
             ... while paralysed by Grinder
             ... on level 3 of the Dungeon.
             The game lasted 00:02:46 (1917 turns).

OTABOTABOTAB the Conjurer (Deep Elf Conjurer)       Turns: 1917, Time: 00:02:47

Health: -1/36      AC:  2    Str:  4    XL:     4   Next: 48%
Magic:  11/12      EV:  2    Int: 25    God:
Gold:   168        SH:  0    Dex: 13    Spells: 8/11 levels left

rFire   . . .      SeeInvis .    d - +3 short sword (vamp)
rCold   . . .      Faith    .    (no shield)
rNeg    + . .      Spirit   .    a - +0 robe
rPois   +          Reflect  .    (no helmet)
rElec   .          Harm     .    (no cloak)
rCorr   .          Rampage  .    (no gloves)
Will    .....                    (no boots) Stlth
                                 (no amulet)
HPRegen 0.26/turn                N - ring of positive energy {rN+}
MPRegen 0.13/turn                P - ring of poison resistance {rPois, !d}

@: paralysed, berserking
A: no striking features
a: no special abilities


You were on level 3 of the Dungeon.
You visited 1 branch of the dungeon, and saw 3 of its levels.

You collected 168 gold pieces.

Inventory:

Hand Weapons
 d - a +3 vampiric short sword (weapon)
   (You took it off a kobold on level 1 of the Dungeon)
Missiles
 j - 3 curare-tipped darts
 s - 27 stones
Armour
 a - a +0 robe (worn)
Jewellery
 N - a ring of positive energy (left hand) {rN+}
   (You found it on level 1 of the Dungeon)
 P - a ring of poison resistance (right hand) {rPois, !d}
   (You found it on level 2 of the Dungeon)
Wands
 p - a wand of paralysis (8)
   (You found it on level 2 of the Dungeon)
Scrolls
 b - 2 scrolls of blinking {unknown}
 c - a scroll of acquirement {unknown}
 f - 2 scrolls of teleportation {unknown}
 i - a scroll of identify {unknown}
 k - a scroll of fog {unknown}
Potions
 g - a potion of haste {unknown}
 h - a potion of heal wounds {unknown}
 l - a potion of might {unknown}
 J - 2 potions of curing {@q1}
 T - a potion of berserk rage {!q}


   Skills:
 - Level 2.4 Dodging
 - Level 2.4 Stealth
 + Level 4.3 Spellcasting
 * Level 6.0 Conjurations


You had 8 spell levels left.
You knew the following spells:

 Your Spells              Type           Power      Damage    Failure   Level
a - Magic Dart            Conj           100%       1d8       1%          1
b - Searing Ray           Conj           70%        2d7       1%          2

Your spell library contained the following spells:

 Spells                   Type           Power      Damage    Failure   Level
 Dazzling Flash           Conj/Hex       40%        N/A       8%          3
 Ozocubu's Armour         Ice            5%         N/A       26%         3
 Fulminant Prism          Conj/Hex       10%        3d9       26%         4
 Iskenderun's Mystic Bla  Conj/Tloc      20%        2d6       26%         4
 Metabolic Englaciation   Hex/Ice        2%         N/A       94%         5
 Simulacrum               Ice/Necr       2%         N/A       100%        6


Dungeon Overview and Level Annotations

Branches:
Dungeon (3/15)

Altars:

Annotations:
D:3 Grinder


Message History

(D) Dungeon
Where to? (Enter - D:2, ? - help)
There is a stone staircase leading down here.
You climb downwards.
There is a stone staircase leading up here.
l - a murky coppery potion You see here a +0 robe.
Found a stone staircase leading down.
Found an escape hatch in the ceiling.
You see here a +0 dagger.
You open the door.
There is an open door here.
e - 2 red potions (gained 1)
You now have 168 gold pieces (gained 14).
You open the door.
Grinder and 2 orcs come into view.
Grinder shouts!
The orc shouts!
You hear a shout!
An orc comes into view. It is wielding a +0 whip.
The orc falls through a shaft!
The shaft crumbles and collapses.
An orc comes into view. It is wielding a +0 hand axe.
The searing ray hits Grinder! (Press . to maintain the ray.)
The orc shouts!
Grinder says, "FISH!"
Grinder gestures at you.
You suddenly lose the ability to move!
Grinder hits you!
You writhe in agony.
An orc comes into view. It is wielding a +0 hand axe.
You can move again.
You take 9 damage, and have 15/24 hp.
MASSIVE DAMAGE!!
You now have 10/12 mp.
The searing ray misses Grinder. (Press . to maintain the ray.) Grinder blinks!
You now have 8/12 mp.
The searing ray hits the orc!
You kill the orc!
Grinder blinks!
You now have 7/12 mp.
The searing ray hits the orc!
You kill the orc!
You now have 6/12 mp.
You finish channelling your searing ray.
You now have 5/12 mp.
Aim: an orc, wielding a +0 hand axe (81% to hit)
The searing ray misses the orc. (Press . to maintain the ray.)
You now have 4/12 mp.
The searing ray hits the orc!
You kill the orc!
The searing ray hits the orc!
You kill the orc!
Your Conjurations skill increases to level 6!
You now have 3/12 mp.
Grinder blinks!
You now have 2/12 mp.
You don't know that spell.
Restarting spell: Searing Ray (safe; 1% risk of failure)
Aim: Grinder (moderately wounded, 78% to hit)
The searing ray hits Grinder! (Press . to maintain the ray.) Grinder gestures at you.
You resist with significant effort.
You now have 0/12 mp.
Magic courses through your body. Grinder gestures at you.
Pain shoots through your body!
You take 5 damage, and have 12/24 hp.
MASSIVE DAMAGE!!
MP restored: 12
Aim: Grinder (heavily wounded, 78% to hit)
The searing ray misses Grinder. (Press . to maintain the ray.) Grinder hits you!
* * * LOW HITPOINT WARNING * * *
You take 9 damage, and have 3/24 hp.
MASSIVE DAMAGE!!
You now have 10/12 mp.
It was a potion of berserk rage.
A red film seems to cover your vision as you go berserk!
You feel yourself moving faster!
You feel mighty!
T - a potion of berserk rage Grinder closely misses you.
You now have 5/36 hp.
You puncture Grinder! You barely miss Grinder.
Grinder grins, showing sharp teeth.
Grinder gestures at you.
You barely resist. You barely miss Grinder. You puncture Grinder!
Grinder gestures at you.
You suddenly lose the ability to move!
Grinder gestures at you. Pain shoots through your body!
* * * LOW HITPOINT WARNING * * *
Grinder gestures at you. Pain shoots through your body!
You die...

# ######## # #......# ##
#####......#
.######..........#####..
..)...'.........@'.))...
#######.........5#######
#....####### #....#
##....# ##..#### #..##
###.### #.#.#.#


You could see Grinder.

Vanquished Creatures
  3 gnolls (D:2)
  An adder (D:2)
  A worm (D:2)
  3 dart slugs
  4 orcs (D:3)
  7 bats
  2 endoplasms
  4 giant cockroaches
  2 hobgoblins
  4 jackals (D:1)
  A quokka (D:1)
  2 frilled lizards (D:2)
  4 goblins
  5 kobolds
  9 rats
52 creatures vanquished.

Notes
Turn   | Place    | Note
-------+----------+-------------------------------------------
     0 | D:1      | OTABOTABOTAB the Deep Elf Conjurer began the quest for the
                  | Orb.
     0 | D:1      | Reached XP level 1. HP: 10/10 MP: 6/6
   230 | D:1      | Reached XP level 2. HP: 15/15 MP: 5/8
   357 | D:1      | Reached skill level 5 in Conjurations
   852 | D:2      | Learned a level 2 spell: Searing Ray
   866 | D:2      | Reached XP level 3. HP: 19/19 MP: 1/10
  1417 | D:2      | Reached skill level 4 in Spellcasting
  1633 | D:2      | Reached XP level 4. HP: 21/24 MP: 7/12
  1898 | D:3      | Noticed Grinder
  1899 | D:3      | Paralysed by Grinder for 2 turns
  1907 | D:3      | Reached skill level 6 in Conjurations
  1910 | D:3      | HP: 3/24 [Grinder (9)]
  1915 | D:3      | Paralysed by Grinder for 3 turns
  1916 | D:3      | HP: 4/36 [Grinder/nerve-wracking pain (2)]
  1917 | D:3      | Killed from afar by Grinder

Illustrated notes

Levels and vault maps discovered:
D:1:      sevenhm_arrival_forest_fort_large_4, layout_rooms
D:2:      layout_basic, chequers_serial_rivers_micro_b,
          dreamdust_princess_bridge, minmay_misc_feat_iff
D:3:      layout_basic, amcnicky_altar_gilded, serial_aquarium,
          aquarium_bridge_straight [aquarium_subvault_bridge,
          aquarium_subvault_wall, aquarium_subvault_bridge,
          aquarium_subvault_wall], aquarium_window_fake, aquarium_window_1,
          aquarium_view_2b, aquarium_balcony_3a, aquarium_pool_corner,
          uniq_grinder

Skill      XL: |  1  2  3  4 |
---------------+-------------+-----
Conjurations   | 5 6 |  6.0
Spellcasting   | 4 |  4.3
Dodging        | |  2.4
Stealth        | |  2.4

Action                   |  1- 3 |  4- 6 || total
-------------------------+-------+-------++-------
Melee: Dagger            |     2 |       ||     2
       Short sword       |     4 |     4 ||     8
 Cast: Magic Dart        |    63 |     2 ||    65
       Searing Ray       |     2 |     6 ||     8
  Use: Potion            |       |     2 ||     2
Armor: Robe              |     2 |       ||     2
Dodge: Dodged            |     3 |     1 ||     4

Table legend: (Time is in decaauts)
 A = Elapsed time spent in this place.
 B = Non-inter-level travel time spent in this place.
 C = Inter-level travel time spent in this place.
 D = Time resting spent in this place.
 E = Time spent auto-exploring this place.
 F = Levels seen in this place.
 G = Mean time per level.
                   A        B        C        D        E       F      G
               +--------+--------+--------+--------+--------+-----+--------+
         Total |   1913 |   1892 |     21 |      0 |   1708 |   3 |  637.7 |
       Dungeon |   1913 |   1892 |     21 |      0 |   1708 |   3 |  637.7 |
               +--------+--------+--------+--------+--------+-----+--------+

Top non-repeatable levels by time:
     D:2: 982 daAuts
     D:1: 845 daAuts
     D:3: 85 daAuts

Table legend:
 A = Kills in this place as a percentage of kills in entire the game.
 B = Kills by you in this place as a percentage of kills by you in the entire game.
 C = Kills by friends in this place as a percentage of kills by friends in the entire game.
 D = Other kills in this place as a percentage of other kills in the entire game.
 E = Experience gained in this place as a percentage of experience gained in the entire game.
 F = Experience gained in this place divided by the number of levels of this place that you have seen.
                   A       B       C       D       E      F
               +-------+-------+-------+-------+-------+----------------------
         Total | 100.0 | 100.0 |   N/A |   N/A | 100.0 |  48.3
       Dungeon | 100.0 | 100.0 |   N/A |   N/A | 100.0 |  48.3
               +-------+-------+-------+-------+-------+----------------------
